Map: [ESL] Dragon Scales

Players

DnS

  • Race: Protoss Protoss
  • Spawn Location: 5:00

AqueroN - Winner!

  • Race: Terran Terran
  • Spawn Location: 11:00

Event: ESL SC2 Masters 2023 Summer (Regionals)

VOD

Have the link to the VOD?

Description

Time

  • Played on: May 6, 2023, 10:03 a.m.
  • Length: 9:44

All games in this series

Show
View Real Time Build Order
Export as new Build Order

DnS Protoss 

Build Orders: 1 Gate Expand, Oracle Opening, Phoenix Opening, Chargelot Immortal, Colossus Rush 

Get SALT Encoding   

  12  0:00  Probe  
  13  0:12  Probe  
  14  0:16  Pylon  
  14  0:24  Probe (Chrono Boost)  
  16  0:36  Probe (Chrono Boost), Gateway  
  16  0:43  Probe (Chrono Boost)  
  16  0:45  Assimilator  
  17  0:50  Probe  
  18  1:03  Probe  
  19  1:15  Probe  
  20  1:23  Cybernetics Core  
  20  1:34  Nexus  
  20  1:41  Pylon  
  20  1:45  Probe  
  21  1:54  Assimilator  
  21  2:01  Adept (Chrono Boost)  
  23  2:03  Probe  
  23  2:15  Probe  
  24  2:17  Stargate  
  24  2:25  Warp Gate  
  24  2:29  Probe  
  25  2:30  Adept  
  28  2:45  Probe (Chrono Boost)  
  28  2:46  Probe (Chrono Boost)  
  28  2:48  Shield Battery  
  29  2:55  Probe (Chrono Boost)  
  29  2:57  Probe (Chrono Boost)  
  31  2:58  Oracle (Chrono Boost)  
  31  3:00  Probe (Chrono Boost)  
  35  3:05  Probe  
  36  3:14  Probe  
  36  3:18  Probe, Adept  
  40  3:23  Pylon  
  40  3:26  Probe (Chrono Boost)  
  41  3:31  Phoenix  
  41  3:33  Probe (Chrono Boost)  
  44  3:38  Probe (Chrono Boost)  
  45  3:41  Pylon  
  45  3:45  Probe (Chrono Boost)  
  45  3:46  Probe (Chrono Boost)  
  47  3:49  Robotics Facility  
  47  3:54  Probe  
  45  4:00  Phoenix (Chrono Boost)  
  47  4:03  Probe  
  47  4:06  Probe  
  47  4:08  Assimilator  
  49  4:10  Assimilator  
  49  4:12  Gateway  
  49  4:15  Probe  
  50  4:18  Probe  
  50  4:22  Phoenix  
  53  4:27  Probe  
  54  4:32  Pylon  
  54  4:33  Immortal (Chrono Boost)  
  54  4:37  Probe  
  59  4:42  Probe, Pylon  
  60  4:51  Probe  
  61  4:54  Robotics Bay  
  61  4:58  Probe  
  62  5:02  Immortal (Chrono Boost)  
  66  5:14  Nexus  
  66  5:24  Probe, Sentry  
  66  5:25  Probe, Pylon  
  66  5:27  Phoenix (Chrono Boost)  
  70  5:37  Probe x2  
  70  5:42  Colossus (Chrono Boost)  
  78  5:47  Shield Battery  
  78  5:49  Probe x2  
  80  5:51  Phoenix (Chrono Boost)  
  82  5:59  Shield Battery  
  82  6:03  Stalker x2  
  84  6:14  Phoenix (Chrono Boost)  
  77  6:31  Pylon  
  77  6:32  Probe x2, Pylon x2  
  78  6:37  Pylon  
  78  6:39  Pylon  
  78  6:48  Pylon  
  78  6:49  Phoenix, Disruptor  
  82  6:57  Sentry x2  
  85  7:02  Twilight Council  
  85  7:04  Gateway  
  85  7:06  Gateway  
  85  7:07  Shield Battery  
  85  7:08  Gateway  
  83  7:14  Phoenix  
  79  7:33  Immortal (Chrono Boost)  
  83  7:39  Robotics Bay  
  83  7:41  Gateway  
  80  7:45  Charge (Chrono Boost)  
  80  7:46  Stalker x2  
  82  7:52  Gateway  
  82  7:54  Pylon  
  80  8:05  Immortal  
  84  8:08  Pylon  
  84  8:11  Pylon  
  84  8:14  Dark Shrine  
  84  8:18  Zealot x2  
  84  8:44  Zealot x3  
  84  8:45  Zealot x3  
  84  8:47  Disruptor  
  77  8:59  Zealot  
  75  9:05  Zealot x3  
  75  9:06  Zealot x2  
  81  9:31  Stalker x5  
Show
View Real Time Build Order
Export as new Build Order

AqueroN Terran - Winner!

Build Orders:  

Get SALT Encoding   

  12  0:00  SCV  
  13  0:12  SCV  
  14  0:17  Supply Depot  
  14  0:24  SCV  
  15  0:38  SCV  
  15  0:40  Barracks  
  16  0:44  Refinery  
  16  0:51  SCV  
  16  0:53  Refinery  
  17  1:03  SCV  
  18  1:15  SCV  
  19  1:27  Orbital Command, Reaper  
  20  1:33  Supply Depot  
  20  1:46  Factory  
  20  1:52  SCV  
  22  2:04  SCV  
  22  2:17  SCV  
  22  2:19  Barracks Reactor  
  23  2:24  Command Center  
  23  2:29  SCV  
  26  2:30  Widow Mine  
  26  2:38  Supply Depot  
  26  2:41  SCV  
  27  2:49  Starport  
  27  2:53  SCV  
  27  2:55  Widow Mine  
  27  2:56  Marine  
  31  2:59  Marine  
  31  3:00  Supply Depot  
  31  3:05  SCV  
  33  3:14  Marine  
  33  3:16  Factory Tech Lab  
  33  3:17  Marine, SCV  
  36  3:27  Viking  
  36  3:29  SCV  
  36  3:32  Marine  
  40  3:35  Marine  
  40  3:37  Orbital Command  
  41  3:41  SCV  
  41  3:46  Cyclone  
  45  3:51  Marine  
  45  3:53  SCV  
  47  3:55  Marine  
  48  4:04  SCV  
  48  4:05  SCV, Viking  
  51  4:11  Marine, Supply Depot  
  51  4:13  Marine  
  51  4:16  SCV  
  54  4:20  Siege Tank  
  57  4:26  SCV  
  57  4:28  SCV  
  59  4:32  Marine x2  
  59  4:33  Barracks  
  61  4:38  Supply Depot  
  61  4:39  Viking  
  61  4:41  SCV x2  
  65  4:48  Barracks  
  65  4:51  Marine  
  66  4:53  Marine, SCV  
  66  4:54  SCV  
  69  5:00  Siege Tank, Supply Depot  
  69  5:02  Supply Depot  
  69  5:06  SCV x2  
  74  5:10  Viking  
  75  5:16  Marine x2  
  77  5:22  Barracks Tech Lab  
  77  5:23  Supply Depot  
  77  5:24  SCV x2  
  81  5:36  SCV x2, Siege Tank  
  86  5:46  Stimpack  
  86  5:47  Supply Depot  
  84  5:53  Marine x3, Viking, Refinery  
  84  5:55  Refinery  
  89  6:01  Supply Depot  
  89  6:03  Viking  
  91  6:05  SCV x2  
  92  6:20  Marine x3  
  92  6:23  Viking  
  97  6:34  Viking  
  97  6:36  Command Center  
  102  6:40  Barracks Reactor, Barracks Tech Lab  
  99  6:48  SCV  
  99  6:49  SCV  
  101  6:59  Viking  
  101  7:01  Marauder x2  
  107  7:03  Barracks  
  107  7:04  Viking  
  107  7:06  Barracks  
  109  7:20  Marine x2  
  109  7:22  Marauder x2  
  115  7:23  Siege Tank  
  111  7:45  Marine  
  111  7:46  Marine, Marauder x2  
  111  7:47  Liberator x2  
  111  7:49  Orbital Command  
  122  7:53  Engineering Bay  
  120  8:04  Siege Tank  
  119  8:06  SCV x2  
  119  8:07  Combat Shield  
  119  8:08  Marauder x2  
  119  8:10  Supply Depot  
  119  8:11  Supply Depot  
  125  8:13  Marine x2  
  125  8:14  Barracks Tech Lab  
  125  8:17  SCV  
  125  8:18  SCV  
  129  8:26  Barracks Reactor  
  127  8:27  SCV  
  127  8:29  Marauder, SCV  
  127  8:30  SCV  
  132  8:42  Marauder x2  
  132  8:47  Marine x2  
  132  8:50  Marauder  
  132  8:51  Medivac x2  
  137  9:02  SCV x3  
  140  9:03  Marauder  
  141  9:10  Marine  
  141  9:11  Marauder, Marine x3  
  141  9:12  Marauder  
  141  9:13  Supply Depot  
Tags
 
Add a new tag
Caveats
  • Supply blocks, unpowered buildings, or Contaminate may cause inaccurate times.
  • Supply counts are checked every 10 seconds.